 Dungeon Crawl Stone Soup version 0.19.5 (webtiles) character file.

151 pps the Charlatan (level 5, -4/25 HPs)
             Began as a Spriggan Artificer on Mar 23, 2017.
             Slain by an orc priest
             ... wielding a +0 flail
              (13 damage)
             ... on level 3 of the Dungeon.
             The game lasted 00:08:58 (2143 turns).

pps the Charlatan (Spriggan Artificer)              Turns: 2143, Time: 00:08:58

Health: -4/25      AC:  2    Str:  9    XL:     5   Next: 10%
Magic:  9/9        EV: 19    Int: 13    God:
Gold:   150        SH:  0    Dex: 16    Spells: 0 memorised, 4 levels left

rFire  . . .     SeeInvis +     p - +2 dagger (speed)
rCold  . . .     Gourm    .     b - +0 robe
rNeg   . . .     Faith    .     (shield restricted)
rPois  .         Spirit   .     (helmet restricted)
rElec  .         Reflect  .     (no cloak)
rCorr  .         Harm     .     (gloves unavailable)
MR     .....                    (boots unavailable)
Stlth  +++.......               (no amulet)
                                (no ring)
                                (no ring)

@: very quick
A: unfitting armour, see invisible, herbivore 3, speed 3, slow metabolism 2
a: no special abilities


You were on level 3 of the Dungeon.
You were not hungry.

You visited 1 branch of the dungeon, and saw 3 of its levels.

You collected 150 gold pieces.

Inventory:

Hand Weapons
 a - a +0 short sword
 j - a +0 whip
 p - a +2 dagger of speed (weapon)
 r - a +0 scythe
 B - a +0 hunting sling
 C - a +0 whip
Missiles
 g - 45 arrows
 i - 61 stones (quivered)
 k - 59 bolts
Armour
 b - a +0 robe (worn)
Jewellery
 q - an uncursed ring of see invisible {unknown}
 w - an uncursed ring of ice {unknown}
Wands
 c - a wand of flame (15/48)
 d - a wand of enslavement (15/24)
 e - a wand of random effects (15/48)
Scrolls
 n - 4 scrolls of identify {unknown}
 t - a scroll of magic mapping {unknown}
 u - a scroll of random uselessness {unknown}
 y - a scroll of enchant armour {unknown}
 A - a scroll of enchant weapon {unknown}
Potions
 h - a potion of ambrosia {unknown}
 l - a potion of curing
 v - a potion of lignification {unknown}
 x - 2 potions of might {unknown}
 z - a potion of heal wounds {unknown}
Comestibles
 f - 3 bread rations
 m - a slice of pizza
 o - a fruit
 s - a royal jelly


   Skills:
 + Level 1.1 Fighting
 + Level 3.0 Short Blades
 + Level 4.3 Dodging
 + Level 3.7 Stealth
 + Level 5.1 Evocations


You had 4 spell levels left.
You didn't know any spells.

Dungeon Overview and Level Annotations

Branches:
Dungeon (3/15)

Altars:
Ru
Vehumet


Innate Abilities, Weirdness & Mutations

You are very small and have problems with some larger weapons.
You are too small for most types of armour.
You have supernaturally acute eyesight. (SInv)
You are a herbivore.
You cover ground extremely quickly.
You need consume almost no food.


Message History

The orc is heavily wounded.
The orc hits you with a short sword.
You barely miss the orc.
The orc is heavily wounded.
You completely miss the orc.
The orc is heavily wounded.
The orc closely misses you.
You hit the orc.
You kill the orc!
You hear the brisk rusting of a very distant drain.
The orc priest closely misses you.
Items here: )) [ † a short sword; a leather armour; a dagger; an orc corpse You hit the orc priest.
The orc priest is moderately wounded.
You barely miss the orc priest.
The orc priest is moderately wounded.
The orc priest hits you with a flail!
Ouch! That really hurt!
You die...

#..#
#.#######
#..#
#.......#
#..#
######.##
#..# #.#
######..#
#.#
........#
#.#
#####...#
#.#
........####
#.#
#####.#....#
#@# #.####.#
#o# #.# #
#o# #.# #o#
..# #.# ###
#.# ... ###


You could see an orc priest and 2 orcs.

Vanquished Creatures
  A crimson imp (D:3)
  Ijyb (D:3)
  4 adders (D:2)
  An ooze (D:2)
  2 worms (D:2)
  2 dart slugs
  3 leopard geckos
  3 orcs (D:3)
  2 giant cockroaches
  3 hobgoblins
  A ball python (D:2)
  3 bats
  4 goblins
  3 kobolds
  8 rats
41 creatures vanquished.

Notes
Turn   | Place    | Note
-------+----------+-------------------------------------------
     0 | D:1      | pps the Spriggan Artificer began the quest for the Orb.
     0 | D:1      | Reached XP level 1. HP: 9/9 MP: 4/4
   296 | D:1      | Reached XP level 2. HP: 14/14 MP: 6/6
   687 | D:2      | Found a radiant altar of Vehumet.
   766 | D:2      | Reached XP level 3. HP: 6/17 MP: 7/7
   974 | D:2      | Reached skill level 5 in Evocations
  1013 | D:2      | Reached skill level 1 in Fighting
  1171 | D:2      | Reached XP level 4. HP: 7/22 MP: 8/8
  1786 | D:3      | Noticed Ijyb
  1803 | D:3      | Killed Ijyb
  1849 | D:3      | Found a sacrificial altar of Ru.
  1877 | D:3      | Reached XP level 5. HP: 25/25 MP: 9/9
  2143 | D:3      | Slain by an orc priest

Skill      XL: |  1  2  3  4  5 |
---------------+----------------+-----
Stealth        | 2 3 |  3.7
Evocations     | 5 |  5.1
Fighting       | 1 |  1.1
Short Blades   | 2 3 |  3.0
Dodging        | 4 |  4.3

Action                   |  1- 3 |  4- 6 || total
-------------------------+-------+-------++-------
Melee: Short sword       |    18 |       ||    18
       Dagger            |   102 |    52 ||   154
  Use: Potion            |     1 |       ||     1
 Stab: Sleeping          |     6 |     2 ||     8
       Distracted        |     1 |       ||     1
Armor: Robe              |     5 |     3 ||     8
Dodge: Dodged            |    53 |    14 ||    67
